Map: Ever Dream LE

Players

Nice - Winner!

  • Race: Protoss Protoss
  • Spawn Location: 7:00

Has

  • Race: Protoss Protoss
  • Spawn Location: 1:00

Event: DreamHack SC2 Masters 2020 Fall

VOD

Have the link to the VOD?

Description

Time

  • Played on: Aug. 30, 2020, 9:49 a.m.
  • Length: 7:35

All games in this series

Show
View Real Time Build Order
Export as new Build Order

Nice Protoss - Winner!

Build Orders:  

Get SALT Encoding   

  12  0:00  Probe  
  13  0:12  Probe  
  14  0:17  Pylon  
  14  0:24  Probe  
  15  0:36  Gateway, Probe (Chrono Boost)  
  16  0:47  Assimilator, Probe (Chrono Boost)  
  17  0:52  Probe (Chrono Boost)  
  17  0:55  Assimilator  
  18  1:03  Probe  
  19  1:10  Gateway  
  19  1:15  Probe (Chrono Boost)  
  20  1:24  Probe (Chrono Boost)  
  20  1:25  Cybernetics Core  
  21  1:29  Probe (Chrono Boost)  
  22  1:37  Pylon  
  22  1:41  Probe  
  23  2:00  Warp Gate (Chrono Boost)  
  23  2:01  Adept x2, Pylon  
  27  2:19  Robotics Facility  
  27  2:31  Stalker x2  
  31  2:40  Gateway  
  31  2:48  Pylon  
  31  2:53  Gateway  
  31  3:02  Sentry x2  
  35  3:10  Warp Prism (Chrono Boost)  
  37  3:40  Observer  
  38  3:50  Stalker x2  
  38  3:51  Stalker  
  38  3:52  Stalker  
  42  4:10  Observer  
  42  4:24  Stalker x2  
  42  4:27  Pylon  
  46  4:48  Stalker x2  
  46  4:49  Stalker x2  
  52  5:02  Pylon  
  52  5:12  Stalker  
  54  5:21  Stalker  
  54  5:22  Zealot, Stalker  
  48  5:51  Adept x4  
  48  5:57  Observer  
  56  5:58  Pylon  
  54  6:14  Adept x2  
  54  6:15  Adept  
  58  6:21  Adept  
  58  6:41  Adept x3  
  58  6:59  Sentry x2  
  56  7:03  Stalker  
  56  7:04  Stalker x3  
Show
View Real Time Build Order
Export as new Build Order

Has Protoss 

Build Orders: Nexus First 

Get SALT Encoding   

  12  0:00  Probe  
  13  0:12  Probe  
  14  0:18  Pylon  
  14  0:24  Probe (Chrono Boost)  
  15  0:38  Probe (Chrono Boost)  
  16  0:43  Probe (Chrono Boost)  
  17  0:57  Nexus  
  17  1:07  Gateway  
  17  1:10  Probe  
  18  1:14  Assimilator  
  18  1:22  Probe  
  18  1:23  Assimilator  
  19  1:34  Gateway  
  19  1:36  Probe  
  20  1:48  Probe  
  20  1:54  Cybernetics Core  
  21  2:00  Probe  
  22  2:13  Probe  
  22  2:14  Probe  
  24  2:17  Warp Gate (Chrono Boost)  
  24  2:25  Probe  
  24  2:27  Pylon  
  24  2:28  Stalker x2 (Chrono Boost)  
  25  2:32  Probe  
  30  2:38  Probe  
  30  2:43  Shield Battery  
  31  2:50  Stalker  
  31  2:56  Stalker  
  35  2:59  Probe  
  36  3:06  Shield Battery  
  36  3:14  Robotics Facility  
  36  3:19  Gateway  
  36  3:28  Shield Battery  
  36  3:33  Stalker (Chrono Boost)  
  40  3:38  Stalker (Chrono Boost)  
  40  3:43  Pylon  
  40  3:49  Shield Battery  
  40  3:57  Pylon  
  37  4:10  Immortal (Chrono Boost)  
  39  4:24  Stalker  
  41  4:33  Zealot x2  
  45  4:43  Warp Prism (Chrono Boost)  
  47  4:51  Zealot  
  49  4:54  Zealot  
  49  4:59  Stalker  
  53  5:10  Pylon  
  53  5:13  Zealot  
  55  5:15  Zealot, Observer (Chrono Boost)  
  58  5:25  Probe x2  
  60  5:32  Shield Battery  
  54  5:36  Stalker  
  50  5:43  Warp Prism (Chrono Boost)  
  50  5:52  Sentry  
  50  5:55  Zealot  
  54  6:00  Stalker  
  56  6:06  Shield Battery  
  50  6:20  Immortal (Chrono Boost)  
  45  6:54  Probe  
  45  6:55  Probe  
  47  7:06  Probe  
  47  7:07  Probe  
  40  7:19  Probe x2  

Tags
 
Add a new tag
Caveats
  • Supply blocks, unpowered buildings, or Contaminate may cause inaccurate times.
  • Supply counts are checked every 10 seconds.